 Dungeon Crawl Stone Soup version 0.16-a0-3889-g45dc0c2 (console) character file.

193541 MarvinPA the Impaler (level 17, -5/150 HPs)
             Began as a Green Draconian Artificer on Jan 29, 2015.
             Was the Champion of Nemelex Xobeh.
             Shot with a bolt by a yaktaur (28 damage)
             ... on level 1 of the Vaults on Feb 2, 2015.
             The game lasted 02:48:46 (47654 turns).

MarvinPA the Impaler (Green Draconian Artificer)   Turns: 47654, Time: 02:48:49

Health: -5/150     AC: 29    Str: 14    XL:     17   Next: 64%
Magic:  0/34       EV: 20    Int: 14    God:    Nemelex Xobeh [******]
Gold:   445        SH:  0    Dex: 17    Spells: 5 memorised, 19 levels left

rFire  . . .     SeeInvis .     a - +7 glaive (protect)
rCold  . . .     Clarity  .     (armour unavailable)
rNeg   . . .     SustAb   .     (no shield)
rPois  +         Gourm    .     (helmet restricted)
rElec  .         Spirit   +     p - +2 cloak
rCorr  .         Warding  .     j - +1 pair of gloves
rMut   .         Stasis   .     X - +1 pair of boots
MR     +....                    y - amulet of guardian spirit
Stlth  ++........               k - +4 ring of protection
                                s - +4 ring of protection

@: somewhat resistant to hostile enchantments, unstealthy
A: breathe noxious fumes, unfitting armour, stinger 1, poison resistance,
cold-blooded, AC +9
a: Breathe Noxious Fumes, Triple Draw, Deal Four, Stack Five, Renounce Religion
}: 1/15 runes: decaying


You were on level 1 of the Vaults.
You worshipped Nemelex Xobeh.
Nemelex Xobeh was exalted by your worship.
You were not hungry.

You visited 6 branches of the dungeon, and saw 34 of its levels.
You also visited: Labyrinth, Ossuary, Bailey and Volcano.

You collected 3402 gold pieces.
You spent 2957 gold pieces at shops.


Innate Abilities, Weirdness & Mutations

You can breathe blasts of noxious fumes.
Your lurid green scales are hard (AC +9).
Your body does not fit into most forms of armour.
Your tail ends in a poisonous barb.
Your system is resistant to poisons.
Your cold-blooded metabolism reacts poorly to cold.


   Skills:
 - Level 13.5 Fighting
   Level 1.0 Short Blades
 - Level 18.0 Polearms
 - Level 11.0 Dodging
 - Level 0.8 Stealth
 + Level 8.6 Spellcasting
 + Level 8.5 Charms
 - Level 3.8 Translocations
 - Level 16.6 Evocations


You had 19 spell levels left.
You knew the following spells:

 Your Spells              Type           Power        Failure   Level  Hunger
a - Shroud of Golubria    Chrm/Tloc      ###.......   1%          2    None
b - Blink                 Tloc           N/A          3%          2    None
e - Apportation           Tloc           ###.......   2%          1    None
f - Flight                Chrm/Air       ###.......   10%         3    ##.....
h - Haste                 Chrm           ####....     63%         6    #######

Inventory:

Hand weapons
 a - a +7 glaive of protection (weapon)
 c - a +0 blowgun
Missiles
 d - 16 curare-tipped needles {=f}
Armour
 j - a +1 pair of gloves (worn)
 p - a +2 cloak (worn)
 X - a +1 pair of boots (worn)
Rods
 b - a +9 rod of clouds (3/17) {!a}
   (You found it on level 8 of the Lair of Beasts)
 g - a +9 rod of inaccuracy (12/12) {!a}
   (You bought it in a shop on level 4 of the Orcish Mines)
Jewellery
 k - a +4 ring of protection (right hand)
 s - a +4 ring of protection (left hand)
 y - an amulet of guardian spirit (around neck)
 O - an uncursed ring of protection from cold
 U - an uncursed ring of teleport control
 V - an uncursed ring of see invisible
Magical devices
 n - a wand of draining (1)
 Q - a wand of disintegration (12)
 T - a wand of digging (8)
 W - a wand of teleportation (5) {!d@v4}
Scrolls
 f - 2 scrolls of blinking
 l - 21 scrolls of remove curse
 o - 9 scrolls of fog
 q - a scroll of teleportation {@r4}
 C - 3 scrolls of identify {@r1}
 F - 6 scrolls of magic mapping
Potions
 e - 9 potions of agility
 m - 5 potions of heal wounds {@q2}
 r - 14 potions of curing {@q1}
 H - 2 potions of cancellation
 I - 3 potions of haste {@q3}
 R - 3 potions of might
Miscellaneous
 i - a legendary deck of destruction
 t - a phial of floods
 u - a legendary deck of escape
 A - a legendary deck of destruction {drawn: 10}
 E - an ornate deck of escape
 G - a legendary deck of war
 J - a legendary deck of war
 K - a legendary deck of escape
 L - a box of beasts {used: 7}
 M - a lamp of fire (inert)
 N - a legendary deck of destruction
 S - a legendary deck of destruction
 Y - a legendary deck of war
 Z - a fan of gales (inert)
Comestibles
 h - 5 chunks of flesh
 w - 11 meat rations

Dungeon Overview and Level Annotations

Branches:
Dungeon (15/15)            Temple (1/1) D:7            Lair (8/8) D:11
  Swamp (5/5) Lair:6       Spider (0/5) Lair:6        Slime (0/6) Lair:8
    Orc (4/4) D:9             Elf (0/3) Orc:3        Vaults (1/5) D:14
 Depths (0/5) D:15

Altars:
Ashenzari
Cheibriados
Dithmenos
Elyvilon
Fedhas
Gozag
Kikubaaqudgha
Makhleb
Nemelex Xobeh
Okawaru
Qazlal
Ru
Sif Muna
Trog
Vehumet
Xom
Yredelemnul
Zin
The Shining One
Beogh

Shops:
D:4 %   D:13 }   D:14 }   Orc:2 =   Orc:4 :}**(

Portals:
Hell: Lair:8

Annotations:
Lair:8 exclusion: plant

#.......
#........
#..#......
####.......
####.......
####y......
#.##yu.....#
############
#d(W.))cc.'.
#..W...c..##
#.........#
#.........#
#.........#
#.........
#########


You could see 3 yaktaurs, 2 vampire mosquitoes and 2 friendly flayed ghosts.


Message History

Your flayed ghost yells, "Run!
I'll cover you!"
Your flayed ghost stares at the white ugly thing with tortured malice.
The white ugly thing is engulfed in freezing vapours.
The white ugly thing barely misses you.
Unknown command.
You barely miss the white ugly thing. You tail-slap the white ugly thing.
The white ugly thing is poisoned.
The white ugly thing is almost dead.
Your flayed ghost waves at you.
The white ugly thing is engulfed in freezing vapours.
You kill the white ugly thing!
Your flayed ghost cries, "Feel what I felt!"
Unknown command.
What do you say? t - Shout!
Orders for allies: a - Attack new target. r - Retreat! s - Stop attacking. w - Wait here. f - Follow me.
Anything else - Stay silent.
Gang up on whom?
Aim: a yaktaur, wielding an arbalest of flaming (moderately wounded, covered in terrible wounds) Attack!
The yaktaur shoots a bolt.
The bolt closely misses you.
A vampire mosquito comes into view.
The yaktaur shoots a bolt.
The bolt hits you!!
* * * LOW HITPOINT WARNING * * *
The bolt burns you.
* * * LOW HITPOINT WARNING * * *
The yaktaur shoots a bolt.
The bolt hits you!!
You die...
Your body glows slightly and disappears.

Action                   |  1- 3 |  4- 6 |  7- 9 | 10-12 | 13-15 | 16-18 || total
-------------------------+-------+-------+-------+-------+-------+-------++-------
Melee: Short sword       |   122 |   104 |       |       |       |       ||   226
       Trident           |       |   194 |   690 |   281 |       |       ||  1165
       Glaive            |       |       |       |   613 |  2083 |  1010 ||  3706
       Halberd           |       |       |       |    71 |       |       ||    71
Throw: Stone             |    99 |   170 |    91 |       |       |       ||   360
       Tomahawk          |       |       |       |    71 |    21 |       ||    92
 Cast: Shroud of Golubri |       |       |       |       |     2 |       ||     2
       Blink             |       |       |       |       |     3 |    16 ||    19
       Flight            |       |       |       |       |       |     5 ||     5
       Apportation       |       |       |       |       |       |     2 ||     2
 Abil: Breathe Noxious F |       |       |    39 |    60 |    42 |       ||   141
Evoke: Wand              |     7 |    27 |    33 |    27 |    12 |     4 ||   110
       Deck              |       |       |     5 |    26 |   103 |    50 ||   184
       Phial of floods   |       |       |       |     1 |     6 |     3 ||    10
       Rod               |       |       |       |       |     1 |    36 ||    37
       Fan of gales (ine |       |       |       |       |     1 |     6 ||     7
       Lamp of fire (ine |       |       |       |       |     1 |     4 ||     5
       Box of beasts     |       |       |       |       |       |     9 ||     9
  Use: Scroll            |       |       |    23 |    11 |    14 |     9 ||    57
       Potion            |       |       |     1 |     2 |     1 |     8 ||    12
 Stab: Confused          |       |       |    37 |    42 |    23 |       ||   102
       Sleeping          |       |       |     1 |    11 |    17 |     3 ||    32
       Paralysed         |       |       |     3 |       |       |       ||     3
       Fleeing           |       |       |       |     2 |       |       ||     2
       Distracted        |       |       |       |     1 |     8 |     2 ||    11
       Betrayed ally     |       |       |       |     1 |       |       ||     1
  Eat: Chunk             |     1 |     9 |    27 |    35 |    62 |    21 ||   155
       Beef jerky        |       |     2 |     2 |     3 |     1 |     6 ||    14
       Pizza             |       |       |       |     1 |       |     4 ||     5
       Bread ration      |       |       |       |       |     1 |     2 ||     3
       Fruit             |       |       |       |       |       |     4 ||     4

Vault maps used:
D:1:      dpeg_arrival_rhombus
D:2:      lemuel_round_altar, serial_bayou_pond_e, minmay_misc_feat_columns
D:3:      grunt_dithmenos_smoke, okawaru_metal_pillars_1_2, minmay_ruptured
D:4:      lightli_ossuary_entry_decrepit_ruins, serial_shops, shop,
          led_sif_pool, uniq_menkaure
D:5:      lemuel_coloured_pillars_altar, first_bread
D:6:      lemuel_round_altar, hangedman_minor_gate_pass
D:7:      old_standard_altar, minmay_temple_entry_statues, serial_bayou_pond_d,
          uniq_crazy_yiuf_cottage
D:8:      lemuel_crystal_altar, xom_confusion_cloud, hangedman_pestilent_swarm,
          minmay_lizard_king
D:9:      david_orc_5, moated_statue, roderic_lattice_a, corner_web_ring,
          abandoned_shop, minmay_protected_statue, uniq_blork_the_orc
D:10:     enter_bailey_2
D:11:     erik_lair_boring, lab_entry_generic, minmay_misc_feat_roman,
          uniq_harold, uniq_sonja
D:12:     disabler_island, uniq_psyche, uniq_nergalle, uniq_urug
D:13:     serial_shops, shop_statue
D:14:     david_vaults_2, minmay_misc_feat_x, serial_shops, shop
D:15:     hangedman_depths_entry_civil_slaughter, fedhas_altar_3,
          nicolae_ru_path_of_blood
Temple:   triangle_lava_temple_11
Lair:1:   nicolae_volcano_entry_two_sided
Lair:3:   grunt_megastairs_4, infiniplex_staircase_pool_2, uniq_erica
Lair:4:   uniq_snorg
Lair:5:   uniq_fannar
Lair:6:   wad_woods_structure_01, swamp_mist_pool, spider_nest_entry_web_field,
          st_stairs_12, serial_bayou_pond_b
Lair:8:   evil_forest, minmay_slime_entry_jelly_boxes,
          nicolae_lair_grove_arrangements, worms_lemuel
Swamp:1:  hangedman_swamp_lotus, infiniplex_staircase_pool
Swamp:2:  evilmike_swamp_ruin_house_4, swamp_pool1, ldierk_geyser
Swamp:3:  nicolae_swamp_triple_paths
Swamp:4:  hangedman_swamp_ruin_wall, uniq_wiglaf, uniq_roxanne
Swamp:5:  swamp_vile, swamp_pool3, nicolae_swamp_baby_hydras, uniq_nikola,
          uniq_donald
Orc:1:    serial_shops, shop, uniq_erolcha
Orc:2:    serial_shops, nicolae_shop_trees
Orc:3:    nicolae_orc_pool_cavern
Orc:4:    st_orc_ogre_mass, serial_shops, nicolae_shop_stone
Vaults:1: v_misc_3, nicolae_vaults_little_squares_3,
          hangedman_vaults_corner_blocks, v_misc_2, v_misc_28,
          nicolae_vaults_branching_niches, nicolae_vaults_triangles,
          vaults_standard_mumra_enter_the_diamond, vaults_dpeg_ring,
          nicolae_vaults_alarming, serial_shops, shop, uniq_asterion
Lab:      labyrinth_hidden_loot, labyrinth_skeletal_remains, nicolae_lab_x,
          nicolae_lab_dead_end
Ossuary:  ossuary_minmay_chase
Bailey:   bailey_polearm_5, bailey
Volcano:  volcano_grotto

Notes
Turn   | Place    | Note
--------------------------------------------------------------
     0 | D:1      | MarvinPA, the Draconian Artificer, began the quest for the Orb.
     0 | D:1      | Reached XP level 1. HP: 16/16 MP: 1/1
    51 | D:1      | Reached skill level 2 in Dodging
   169 | D:1      | Reached XP level 2. HP: 18/24 MP: 3/3
   213 | D:1      | Reached skill level 2 in Fighting
   743 | D:2      | Found an ancient bone altar of Kikubaaqudgha.
   763 | D:2      | Reached XP level 3. HP: 30/30 MP: 4/4
  1124 | D:2      | Reached skill level 3 in Fighting
  1332 | D:2      | Reached skill level 3 in Dodging
  1332 | D:2      | Reached XP level 4. HP: 31/38 MP: 6/6
  1891 | D:3      | Found a shadowy altar of Dithmenos.
  2421 | D:3      | Reached XP level 5. HP: 43/45 MP: 7/7
  2881 | D:3      | Found an iron altar of Okawaru.
  3205 | D:4      | Noticed a phantom
  3259 | D:4      | Killed a phantom
  3259 | D:4      | Reached skill level 4 in Fighting
  3270 | D:4      | Reached XP level 6. HP: 24/53 MP: 9/9
  3396 | D:4      | Found a deep blue altar of Sif Muna.
  3418 | D:4      | Found a sand-covered staircase.
  3423 | Ossuary  | Entered an ossuary
  3429 | Ossuary  | Reached skill level 4 in Evocations
  3873 | D:4      | Found Treib's Food Shoppe.
  4067 | D:4      | Noticed Menkaure
  4078 | D:4      | Killed Menkaure
  4078 | D:4      | Reached skill level 5 in Fighting
  4818 | D:5      | Entered Level 5 of the Dungeon
  4823 | D:5      | Found a radiant altar of Vehumet.
  4976 | D:5      | Reached skill level 5 in Evocations
  4976 | D:5      | Your scales start taking on a lurid green colour.
  4976 | D:5      | Gained mutation: Your system is resistant to poisons. [draconian maturity]
  4976 | D:5      | Reached XP level 7. HP: 45/61 MP: 11/13
  6449 | D:6      | Reached skill level 6 in Fighting
  6524 | D:6      | Reached skill level 6 in Evocations
  7239 | D:6      | Found a glowing silver altar of Zin.
  7389 | D:6      | Reached skill level 1 in Polearms
  7560 | D:6      | Reached XP level 8. HP: 71/71 MP: 2/17
  7751 | D:6      | Reached skill level 2 in Polearms
  7792 | D:6      | Reached skill level 7 in Evocations
  8045 | D:7      | Found a staircase to the Ecumenical Temple.
  8088 | D:7      | Noticed trelanon's ghost (experienced TrMo)
  8142 | D:7      | Killed trelanon's ghost
  8142 | D:7      | Reached skill level 4 in Polearms
  8142 | D:7      | Reached skill level 8 in Evocations
  8656 | Temple   | Entered the Ecumenical Temple
  8855 | Temple   | Became a worshipper of Nemelex Xobeh the Trickster
  8983 | D:7      | Received a gift from Nemelex Xobeh
  8995 | D:7      | Found a snail-covered altar of Cheibriados.
  9010 | D:7      | Reached skill level 5 in Polearms
  9157 | D:7      | Reached XP level 9. HP: 71/78 MP: 18/20
  9299 | D:7      | Reached skill level 9 in Evocations
  9549 | D:7      | Noticed Crazy Yiuf
  9557 | D:7      | Killed Crazy Yiuf
  9869 | D:8      | Found a deep blue altar of Sif Muna.
  9931 | D:8      | Reached skill level 6 in Polearms
  9984 | D:8      | Found a shimmering altar of Xom.
 10377 | D:8      | Reached skill level 10 in Evocations
 10786 | D:8      | Reached skill level 7 in Polearms
 11485 | D:8      | Reached XP level 10. HP: 63/84 MP: 20/23
 11601 | D:9      | Noticed Blork the orc
 11615 | D:9      | Killed Blork the orc
 11801 | D:9      | Reached skill level 8 in Polearms
 11801 | D:9      | Reached skill level 11 in Evocations
 12652 | D:9      | Found a roughly hewn altar of Beogh.
 12652 | D:9      | Found a staircase to the Orcish Mines.
 12932 | D:9      | Noticed an orange crystal statue
 13079 | D:10     | Entered Level 10 of the Dungeon
 13079 | D:10     | Found a flagged portal.
 13115 | Bailey   | Entered a bailey
 13507 | Bailey   | Identified a potion of experience
 13509 | Bailey   | Reached skill level 12 in Polearms
 13509 | Bailey   | Reached XP level 11. HP: 91/91 MP: 25/25
 13511 | Bailey   | Noticed an orc knight
 13632 | Bailey   | good
 13635 | Bailey   | gooood
 13709 | Bailey   | Noticed an orc knight
 13743 | Bailey   | Killed an orc knight
 13800 | Bailey   | Killed an orc knight
 13800 | Bailey   | Reached skill level 12 in Evocations
 13985 | Bailey   | Noticed an orc knight
 14008 | Bailey   | Killed an orc knight
 14161 | D:10     | Reached skill level 13 in Polearms
 14444 | D:10     | Received a gift from Nemelex Xobeh
 14939 | D:11     | Found a staircase to the Lair.
 14958 | D:11     | ok
 15091 | D:11     | Noticed a skeletal warrior
 15098 | D:11     | Found a labyrinth entrance.
 15104 | Lab      | Entered a labyrinth
 15450 | Lab      | Received a gift from Nemelex Xobeh
 15820 | Lab      | Noticed a minotaur
 15867 | Lab      | Killed a minotaur
 15993 | Lab      | Identified The Foundations of Spellweaving (You found it in a labyrinth)
 16330 | Lab      | Reached XP level 12. HP: 62/97 MP: 19/27
 16469 | D:11     | Learned a level 1 spell: Apportation
 16472 | D:11     | Learned a level 2 spell: Blink
 16491 | D:11     | Learned a level 2 spell: Shroud of Golubria
 16495 | D:11     | Noticed Harold
 16701 | D:11     | Noticed a skeletal warrior
 16702 | D:11     | Noticed a skeletal warrior
 16702 | D:11     | Noticed a skeletal warrior
 16723 | Lair:1   | Entered Level 1 of the Lair of Beasts
 16753 | Lair:1   | Reached skill level 1 in Translocations
 16981 | Lair:1   | Reached skill level 1 in Spellcasting
 17038 | Lair:1   | Noticed a seven-headed hydra
 17104 | Lair:1   | Acquired Nemelex Xobeh's first power
 17134 | Lair:1   | Received a gift from Nemelex Xobeh
 17149 | Lair:1   | Reached skill level 2 in Translocations
 17166 | Lair:1   | Reached skill level 2 in Spellcasting
 17296 | Lair:1   | Received a gift from Nemelex Xobeh
 17333 | Lair:1   | Found a dark tunnel.
 17366 | Volcano  | Entered a volcano
 17552 | Volcano  | Reached skill level 3 in Translocations
 17920 | Volcano  | Found a burning altar of Makhleb.
 17920 | Volcano  | Noticed Erolcha
 17928 | Volcano  | Killed Erolcha
 17928 | Volcano  | Reached skill level 3 in Spellcasting
 17950 | Volcano  | Received a gift from Nemelex Xobeh
 18351 | Lair:2   | Reached skill level 1 in Charms
 18596 | Lair:2   | Acquired Nemelex Xobeh's second power
 18626 | Lair:2   | Reached skill level 7 in Fighting
 18887 | Lair:2   | Reached skill level 2 in Charms
 19084 | Lair:2   | Reached skill level 4 in Dodging
 19151 | Lair:2   | Received a gift from Nemelex Xobeh
 19223 | Lair:2   | Reached skill level 8 in Fighting
 19779 | Lair:1   | Killed an eight-headed hydra
 19936 | Lair:1   | Received a gift from Nemelex Xobeh
 19987 | Lair:1   | Reached skill level 5 in Dodging
 20287 | Lair:3   | Noticed Erica
 20383 | Lair:3   | Killed Erica
 20383 | Lair:3   | Reached skill level 9 in Fighting
 20499 | Lair:3   | Noticed an eight-headed hydra
 20504 | Lair:3   | Killed an eight-headed hydra
 20523 | Lair:3   | Reached skill level 6 in Dodging
 20749 | Lair:3   | Reached XP level 13. HP: 111/111 MP: 28/28
 21181 | Lair:4   | Reached skill level 13 in Evocations
 21413 | Lair:4   | Noticed Snorg
 21599 | Lair:4   | Killed Snorg
 21823 | Lair:4   | Acquired Nemelex Xobeh's third power
 21823 | Lair:4   | Received a gift from Nemelex Xobeh
 21895 | Lair:4   | Reached skill level 7 in Dodging
 21985 | Lair:4   | Identified a scroll of acquirement
 22766 | Lair:5   | Received a gift from Nemelex Xobeh
 23247 | Lair:5   | Noticed Fannar
 23251 | Lair:5   | Killed Fannar
 23384 | Lair:5   | Received a gift from Nemelex Xobeh
 24240 | Lair:6   | Reached skill level 14 in Polearms
 24251 | Lair:6   | Reached skill level 14 in Evocations
 24489 | Lair:6   | Found a hole to the Spider Nest.
 24734 | Lair:6   | Found a staircase to the Swamp.
 25469 | Lair:7   | Received a gift from Nemelex Xobeh
 25554 | Lair:7   | Received a gift from Nemelex Xobeh
 26063 | Lair:7   | Identified Musiod's Disquisition on Blistering Confrontation
 26073 | Lair:7   | Gained mutation: Your tail ends in a poisonous barb. [draconian growth]
 26073 | Lair:7   | Reached XP level 14. HP: 114/119 MP: 27/30
 26110 | Lair:7   | Reached skill level 15 in Evocations
 26386 | Lair:7   | Received a gift from Nemelex Xobeh
 26519 | Lair:7   | Reached skill level 15 in Polearms
 26591 | Lair:8   | Entered Level 8 of the Lair of Beasts
 26667 | Lair:8   | Found a staircase to the Slime Pits.
 26717 | Lair:8   | Received a gift from Nemelex Xobeh
 27097 | Lair:8   | Received a gift from Nemelex Xobeh
 27413 | Lair:8   | Received a gift from Nemelex Xobeh
 27529 | Lair:8   | Found a burning altar of Makhleb.
 27579 | Lair:8   | Found a gateway to Hell.
 27592 | Lair:8   | Identified a +4 rod of clouds (13/13) {!a} (You found it on level 8 of the Lair of Beasts)
 28329 | Lair:8   | Reached skill level 16 in Evocations
 28631 | D:11     | Killed a skeletal warrior
 28636 | D:11     | Noticed a skeletal warrior
 28638 | D:11     | Killed a skeletal warrior
 28645 | D:11     | Killed a skeletal warrior
 28654 | D:11     | Noticed Sonja
 28661 | D:11     | Killed a skeletal warrior
 28678 | D:11     | Killed Sonja
 28751 | D:11     | Received a gift from Nemelex Xobeh
 28777 | D:11     | Identified a potion of resistance
 28892 | D:11     | Noticed a hill giant
 28899 | D:11     | Killed a hill giant
 28899 | D:11     | Reached skill level 16 in Polearms
 29003 | D:11     | Received a gift from Nemelex Xobeh
 29149 | D:11     | Killed Harold
 29394 | D:9      | Killed an orange crystal statue
 29594 | Orc:1    | Entered Level 1 of the Orcish Mines
 29812 | Orc:1    | Received a gift from Nemelex Xobeh
 29908 | Orc:2    | Found Ocakim's Jewellery Emporium.
 30085 | Orc:2    | Received a gift from Nemelex Xobeh
 31170 | Orc:3    | Found a staircase to the Elven Halls.
 31322 | Orc:4    | Entered Level 4 of the Orcish Mines
 31362 | Orc:4    | Received a gift from Nemelex Xobeh
 31495 | Orc:4    | Found Klaakhuv's Assorted Antiques.
 31495 | Orc:4    | Found Arhozu Giuku's General Store.
 31496 | Orc:4    | Found Hasteh's Book Emporium.
 31496 | Orc:4    | Found Klaext's Gadget Shop.
 31499 | Orc:4    | Reached XP level 15. HP: 83/126 MP: 27/32
 31567 | Orc:4    | Reached skill level 17 in Polearms
 31592 | Orc:4    | Bought a wand of draining (6) for 150 gold pieces
 31594 | Orc:4    | Bought a scroll of magic mapping for 87 gold pieces
 31594 | Orc:4    | Bought a lead wand for 100 gold pieces
 31753 | Orc:4    | Found Harche Zisep's Weapon Shoppe.
 32319 | Lair:1   | Upgraded the game from 0.16-a0-3834-g51c8674 to 0.16-a0-3880-g9314259
 32756 | D:12     | Noticed Nergalle
 32757 | D:12     | Noticed Psyche
 32784 | D:12     | Killed Psyche
 32979 | D:12     | Received a gift from Nemelex Xobeh
 33115 | D:12     | Noticed Urug
 33129 | D:12     | Killed Urug
 33791 | D:12     | Killed Nergalle
 34014 | D:13     | Received a gift from Nemelex Xobeh
 34480 | D:13     | Reached skill level 18 in Polearms
 34536 | D:13     | Found Kiotin's Gadget Shop.
 34540 | D:13     | Bought a lamp of fire for 560 gold pieces
 34540 | D:13     | Bought a fan of gales for 560 gold pieces
 34919 | D:14     | Received a gift from Nemelex Xobeh
 35074 | D:14     | Received a gift from Nemelex Xobeh
 35164 | D:14     | Reached skill level 10 in Fighting
 35509 | D:14     | Found Twockew's Gadget Boutique.
 35513 | D:14     | Received a gift from Nemelex Xobeh
 35564 | D:14     | Found a gate to the Vaults.
 35787 | D:15     | Entered Level 15 of the Dungeon
 35894 | D:15     | Found a blossoming altar of Fedhas.
 35981 | D:15     | Reached skill level 8 in Dodging
 36214 | D:15     | Found a staircase to the Depths.
 36260 | D:15     | Reached skill level 11 in Fighting
 36335 | D:15     | Found a sacrificial altar of Ru.
 36755 | D:15     | Received a gift from Nemelex Xobeh
 37384 | Swamp:1  | Entered Level 1 of the Swamp
 37455 | Swamp:1  | Reached skill level 9 in Dodging
 37953 | Swamp:1  | Received a gift from Nemelex Xobeh
 38002 | Swamp:1  | Reached XP level 16. HP: 131/139 MP: 31/33
 38166 | Swamp:1  | Reached skill level 12 in Fighting
 38854 | Swamp:2  | Reached skill level 10 in Dodging
 39056 | Swamp:2  | Received a gift from Nemelex Xobeh
 40296 | Swamp:3  | Reached skill level 13 in Fighting
 40314 | Swamp:3  | Got a faintly glowing lajatang
 40315 | Swamp:3  | Identified the +6 lajatang "Kiredghupp" {flame, -Cast Dex+5} (You found it on level 3 of the Swamp)
 40641 | Swamp:3  | Received a gift from Nemelex Xobeh
 41365 | Swamp:4  | Received a gift from Nemelex Xobeh
 41562 | Swamp:4  | Reached skill level 11 in Dodging
 41687 | Swamp:4  | Noticed Wiglaf
 41714 | Swamp:4  | Killed Wiglaf
 42329 | D:10     | Killed a skeletal warrior
 42349 | D:9      | Learned a level 3 spell: Flight
 42356 | D:9      | Learned a level 6 spell: Haste
 42756 | Swamp:4  | Noticed Roxanne
 42781 | Swamp:4  | Killed Roxanne
 42781 | Swamp:4  | Reached skill level 3 in Charms
 42784 | Swamp:4  | Identified Roxanne's Compendium of Shape Shifting and Earth (You took it off Roxanne on level 4 of the Swamp)
 43061 | Swamp:5  | Entered Level 5 of the Swamp
 43084 | Swamp:5  | Reached skill level 4 in Spellcasting
 43198 | Swamp:5  | hi
 43261 | Swamp:5  | Reached skill level 4 in Charms
 43290 | Swamp:5  | ow
 43731 | Swamp:5  | Reached skill level 5 in Spellcasting
 43996 | Swamp:5  | Reached skill level 5 in Charms
 44194 | Swamp:5  | Reached XP level 17. HP: 140/150 MP: 29/34
 44224 | Swamp:5  | Noticed Donald
 44231 | Swamp:5  | Killed Donald
 44239 | Swamp:5  | Reached skill level 6 in Spellcasting
 44314 | Swamp:5  | why
 44316 | Swamp:5  | Reached skill level 6 in Charms
 44358 | Swamp:5  | rip
 44708 | Swamp:5  | Got a decaying rune of Zot
 44808 | Swamp:5  | Noticed Nikola
 44812 | Swamp:5  | Noticed Nikola
 44812 | Swamp:5  | Nikola changed into Nikola the iron dragon
 44813 | Swamp:5  | good
 44815 | Swamp:5  | Killed Nikola the iron dragon
 44815 | Swamp:5  | Reached skill level 7 in Spellcasting
 44845 | Swamp:5  | oh that's not a glaive
 44924 | Swamp:5  | this looks like a good way to drown
 45220 | Swamp:4  | Reached skill level 7 in Charms
 45555 | Orc:4    | Bought a +6 rod of inaccuracy (9/9) for 1500 gold pieces
 45824 | Vaults:1 | Entered Level 1 of the Vaults
 45829 | Vaults:1 | ...
 46595 | Vaults:1 | Received a gift from Nemelex Xobeh
 46654 | Vaults:1 | Reached skill level 8 in Spellcasting
 46973 | Vaults:1 | Noticed Asterion
 46978 | Vaults:1 | Noticed Asterion
 46978 | Vaults:1 | Asterion changed into Asterion the death yak
 46979 | Vaults:1 | hi
 46979 | Vaults:1 | Killed Asterion the death yak
 46979 | Vaults:1 | Reached skill level 8 in Charms
 46980 | Vaults:1 | wow good
 47192 | Vaults:1 | wow
 47398 | Vaults:1 | Upgraded the game from 0.16-a0-3880-g9314259 to 0.16-a0-3889-g45dc0c2
 47654 | Vaults:1 | Shot with a bolt by a yaktaur

Vanquished Creatures
  Donald (Swamp:5)
  Wiglaf (Swamp:4)
  An iron dragon (Swamp:5)
  An ironheart preserver (Vaults:1)
  6 very ugly things
  A vault guard (Vaults:1)
  An ettin (D:15)
  A yaktaur captain (Vaults:1)
  A minotaur (Lab)
  2 green deaths (Swamp:5)
  Fannar (Lair:5)
  Harold (D:11)
  A hell beast (Swamp:5)
  25 hydras
  2 ice dragons
  4 centaur warriors
  A tengu warrior (D:15)
  8 alligators
  A satyr (shapeshifter) (D:14)
  2 ogre magi (Vaults:1)
  A death yak (Vaults:1)
  A satyr (D:14)
  Urug (D:12)
  Nergalle (D:12)
  The ghost of trelanon the Grappler, an experienced TrMo of Cheibriados (D:7)
  Erolcha (Volcano)
  2 skeletal warriors
  A deep elf knight (D:15)
  An unseen horror (shapeshifter) (D:14)
  A deep troll (D:15)
  2 spriggan druids
  An unseen horror (D:11)
  A wizard (Lair:8)
  6 swamp dragons
  4 orc knights
  3 shambling mangroves
  7 hill giants
  2 hornets
  2 large abominations (Swamp:5)
  11 ugly things
  2 griffons
  8 cyclopes
  A faun (D:14)
  A manticore (D:12)
  3 black mambas
  A necromancer (D:14)
  3 orange demons (Swamp:5)
  An oklob plant (D:12)
  2 water elementals
  4 vault sentinels (Vaults:1)
  16 elephants
  5 torpor snails
  An orange crystal statue (D:9)
  4 centaur skeletons
  A gargoyle (D:12)
  20 spiny frogs
  A yaktaur (Vaults:1)
  4 komodo dragons
  A blue devil (Lair:8)
  6 fire drakes
  4 kobold demonologists
  A merfolk (Swamp:5)
  9 giant leeches
  5 trolls
  2 minotaur zombies (Lab)
  11 two-headed ogres
  Sonja (D:11)
  11 bog bodies
  17 blink frogs
  10 ravens
  A hornet zombie (Vaults:1)
  9 baby alligators
  A boulder beetle (Lair:6)
  An ettin zombie (Vaults:1)
  32 slime creatures
  2 human simulacra (Vaults:1)
  6 basilisks
  4 spriggans
  6 shadows
  A wyvern (D:12)
  46 yaks
  A deep elf mage (D:11)
  A fire bat (Volcano)
  13 hippogriffs
  An elf zombie (Vaults:1)
  4 wargs
  34 swamp worms
  7 wolves
  2 lava snakes (Volcano)
  9 vampire mosquitoes
  Menkaure (D:4)
  30 water moccasins
  3 hungry ghosts
  9 insubstantial wisps
  A soldier ant (Swamp:4)
  3 ice beasts
  A mottled dragon (Vaults:1)
  3 black bears
  4 phantoms
  23 porcupines
  25 orc warriors
  12 swamp drakes
  2 sky beasts
  An eye of draining (D:13)
  A necrophage (D:9)
  19 centaurs
  8 wasps
  15 crocodiles
  A boggart (Swamp:4)
  A hornet simulacrum (D:15)
  46 ogres
  A spider (D:8)
  5 boring beetles
  A boring beetle (shapeshifter) (D:14)
  3 big kobolds
  A brain worm (D:12)
  Blork the orc (D:9)
  A gnoll sergeant (D:5)
  22 giant frogs
  A water moccasin zombie (D:9)
  A wyvern skeleton (D:10)
  3 scorpions
  5 killer bees
  16 wights
  A cyclops skeleton (Vaults:1)
  14 jellies
  3 electric eels
  An elf skeleton (Vaults:1)
  9 crimson imps
  2 giant frog zombies
  3 centaur zombies
  4 goliath beetles
  Crazy Yiuf (D:7)
  20 orc priests
  7 hounds
  24 orc wizards
  14 iguanas
  A quasit (D:7)
  12 worker ants
  37 sheep
  5 mummies
  A hound skeleton (D:4)
  A worker ant zombie (D:6)
  26 adders
  7 gnolls
  42 river rats
  4 shadow imps
  8 worms
  2 adder zombies (Ossuary)
  An adder skeleton (D:5)
  3 giant geckos
  4 oozes
  192 orcs
  19 bats
  3 bat zombies
  5 giant cockroaches
  26 goblins
  23 hobgoblins
  28 jackals
  37 kobolds
  16 quokkas
  A ball python (D:6)
  8 giant newts
  3 goblin zombies
  2 hobgoblin zombies (Ossuary)
  2 jackal skeletons
  5 kobold zombies (Ossuary)
  2 quokka skeletons
  A quokka zombie (Ossuary)
  20 rats
  3 rat zombies (Ossuary)
  3 spectral orcs (D:12)
  2 ballistomycetes (D:6)
  4 fungi
  A plant (Lair:8)
1382 creatures vanquished.

Vanquished Creatures (collateral kills)
  Roxanne (Swamp:4)
  Snorg (Lair:4)
  A death ooze (Swamp:5)
  A hell beast (Swamp:5)
  8 hydras
  Erica (Lair:3)
  2 alligators (Swamp:2)
  4 ogre magi (Orc:4)
  A shock serpent (Swamp:4)
  A sun demon (Lair:8)
  3 skeletal warriors (D:11)
  2 swamp dragons (Swamp:1)
  A spriggan druid (Swamp:3)
  A shambling mangrove (Swamp:5)
  An ironbrand convoker (Vaults:1)
  2 hill giants
  An orc knight (Bailey)
  An ugly thing (D:15)
  An oklob plant (D:12)
  2 cyclopes (D:12)
  A shining eye (Lair:8)
  2 elephants (Lair:7)
  An eye of devastation (Swamp:4)
  A sixfirhy (Lair:8)
  Psyche (D:12)
  A smoke demon (Lair:8)
  5 orange demons
  A spiny frog (Lair:1)
  3 red devils (Lair:8)
  A blue devil (Lair:8)
  A baby alligator (Swamp:2)
  13 slime creatures
  7 two-headed ogres
  A bog body (Swamp:5)
  A shadow (Swamp:4)
  2 vampire mosquitoes
  A swamp worm (Swamp:1)
  A yak (D:12)
  2 insubstantial wisps (Swamp:3)
  A mottled dragon (Swamp:4)
  A water moccasin (Lair:8)
  A hell hound (Lair:8)
  A swamp drake (Swamp:4)
  A boring beetle (D:11)
  A tengu (Swamp:4)
  4 ogres (Orc:4)
  A big kobold (D:14)
  2 giant frogs
  2 orc priests (Orc:4)
  4 lava snakes (Volcano)
  An iguana (Lair:3)
  An orc wizard (Orc:4)
  A sheep (D:12)
  A mummy (Ossuary)
  An adder (Lair:8)
  4 river rats (Lair:8)
  A worm (Swamp:4)
  6 orcs (Orc:4)
  A goblin (Orc:4)
  A hobgoblin (D:2)
  2 kobolds
  A quokka (Lair:6)
  2 goblin zombies (Ossuary)
  A rat zombie (Ossuary)
  3 spectral orcs (D:12)
  A bush (D:12)
129 creatures vanquished.

Vanquished Creatures (others)
  A rakshasa (Lair:8)
  A hydra (Swamp:5)
  5 chimeras
  A sun demon (Swamp:3)
  A flayed ghost (Swamp:2)
  A hill giant (D:12)
  An ugly thing (Lair:7)
  8 water elementals
  A rust devil (Orc:4)
  3 fire elementals (Vaults:1)
  A molten gargoyle (Orc:4)
  A yaktaur (Lair:8)
  A giant leech (Swamp:2)
  A wind drake (Orc:4)
  2 dancing weapons
  A slime creature (D:12)
  11 air elementals
  2 yaks (D:12)
  2 chaos spawn
  A hell hound (Orc:4)
  A swamp drake (Swamp:2)
  An orc warrior (D:8)
  2 centaurs
  A boring beetle (Orc:4)
  A sheep (D:12)
  2 giant frogs (D:8)
  A killer bee (D:15)
  A scorpion (D:8)
  A centaur skeleton (D:5)
  An iguana (D:8)
  An orc (D:8)
  2 hobgoblins (D:8)
  A bat (D:8)
  2 giant spores (D:6)
  4 fungi
  4 plants
72 creatures vanquished.

Grand Total: 1583 creatures vanquished
